 Dungeon Crawl Stone Soup version 0.19-a0-1899-g2d93087 (webtiles) character file.

445 Lochraine the Cudgeler (level 7, -6/70 HPs)
             Began as an Ogre Berserker on Oct 19, 2016.
             Was a Believer of Trog.
             Mangled by an orc warrior
             ... wielding a +0 long sword
              (23 damage)
             ... on level 4 of the Dungeon.
             The game lasted 00:11:10 (3479 turns).

Lochraine the Cudgeler (Ogre Berserker)             Turns: 3479, Time: 00:11:10

Health: -6/70      AC:  4    Str: 23    XL:     7   Next: 3%
Magic:  7/7        EV: 12    Int:  6    God:    Trog [**....]
Gold:   170        SH:  0    Dex: 11    Spells: 0 memorised, 6 levels left

rFire  . . .     SeeInvis +     y - +1 flail
rCold  . . .     Gourm    .     b - +0 animal skin
rNeg   . . .     Faith    .     (no shield)
rPois  .         Spirit   .     (helmet restricted)
rElec  .         Reflect  .     j - +0 cloak
rCorr  .         Harm     .     (gloves unavailable)
MR     .....                    (boots unavailable)
Stlth  +.........               (no amulet)
                                (no ring)
                                w - ring of see invisible

@: exhausted, slowed, very slow
A: unfitting armour, tough skin 1
a: Berserk, Trog's Hand, Burn Spellbooks, Renounce Religion


You were on level 4 of the Dungeon.
You worshipped Trog.
Trog was pleased with you.
You were very hungry.

You visited 1 branch of the dungeon, and saw 5 of its levels.

You collected 170 gold pieces.

Inventory:

Hand Weapons
 a - a +0 mace
 e - a +2 dagger of draining
 k - a +0 whip of holy wrath
 y - a +1 flail (weapon)
Armour
 b - a +0 animal skin (worn)
 j - a +0 cloak (worn)
Jewellery
 w - a ring of see invisible (left hand)
 z - an uncursed ring of wizardry {unknown}
Wands
 v - a wand of lightning (7/15)
Scrolls
 d - 2 scrolls of identify
 g - a scroll of enchant armour {unknown}
 i - 2 scrolls of enchant weapon
 l - 2 scrolls of remove curse {unknown}
 o - a scroll of fog {unknown}
 r - a scroll of magic mapping {unknown}
 s - 4 scrolls of teleportation {unknown}
 A - a scroll of fear {unknown}
Potions
 f - a potion of curing
 h - a potion of degeneration
 m - a potion of cure mutation
 n - 4 potions of flight
 p - a potion of heal wounds {unknown}
 x - a potion of cancellation {unknown}
Books
 t - a book of Cantrips

   Spells                             Type                      Level
   a - Confusing Touch                Hexes                        1
   b - Animate Skeleton               Necromancy                   1
   c - Summon Small Mammal            Summoning                    1
   d - Apportation                    Translocation                1
   Trog disapproves of the use of such an item.
Comestibles
 c - 4 bread rations
 q - a slice of pizza


   Skills:
 - Level 4.0 Fighting
 + Level 7.5 Maces & Flails
 - Level 5.2 Dodging
 + Level 0.8 Evocations


You had 6 spell levels left.
You didn't know any spells.

Dungeon Overview and Level Annotations

Branches:
Dungeon (5/15)
 Temple: D:4-7

Altars:
Ashenzari
Cheibriados
Fedhas
Kikubaaqudgha
Sif Muna

Shops:
D:4 =

Annotations:
D:5 Tux's ghost, novice DrWz


Innate Abilities, Weirdness & Mutations

You are too large for most types of armour.
You have tough skin. (AC +1)


Message History

The orc warrior hits you with a long sword.
* * * LOW HITPOINT WARNING * * *
The orc warrior closely misses you.
Okay, then.
You barely miss the orc warrior.
The orc warrior is moderately wounded.
The orc warrior misses you.
You bludgeon the orc warrior!!
The orc warrior is almost dead.
The orc warrior closely misses you.
You barely miss the orc warrior.
The orc warrior is almost dead.
Your skin stops crawling.
You feel less resistant to hostile enchantments.
The orc warrior hits you but does no damage.
The orc warrior misses you.
You closely miss the orc warrior.
The orc warrior is almost dead.
The orc warrior hits you with a long sword!!
You die...

##...#......#.##.#
#.##.##.###..≈
####.###....#.##.#
#.#..#..###.≈≈ #
#.##..##....#.# #.#.#........≈
##
#....#####...)###.#...#######.
.###.....###..#....#....## ##
.......#..##.#..##...#..#
###.##.....#.#.###[..#.##
#.####.....<.###......### #.#
#........@.....#...##
#.####......>o.....####..##
###.##.............#.#......#
....##.##..........#.#.######
.#####.##..............#
######.##..........#.###
#..................#.#
#......###........##.#
#......###........##.###


You could see an orc warrior.

Vanquished Creatures
  The ghost of KarmaPolice the Vandal, a novice HaHu (D:4)
  An orc priest (D:3)
  2 worker ants (D:4)
  An adder (D:2)
  3 worms (D:3)
  2 dart slugs
  3 leopard geckos
  10 orcs
  2 ball pythons (D:1)
  8 bats
  4 giant cockroaches
  4 goblins
  3 hobgoblins
  3 jackals (D:1)
  15 kobolds
  A quokka (D:3)
  8 frilled lizards
  A quokka skeleton (D:4)
  5 rats
77 creatures vanquished.

Notes
Turn   | Place    | Note
-------+----------+-------------------------------------------
     0 | D:1      | Lochraine the Ogre Berserker began the quest for the Orb.
     0 | D:1      | Reached XP level 1. HP: 24/24 MP: 1/1
   148 | D:1      | Reached XP level 2. HP: 18/32 MP: 2/2
   200 | D:1      | Reached skill level 5 in Maces & Flails
   472 | D:1      | Reached XP level 3. HP: 35/39 MP: 3/3
   803 | D:1      | Reached ** piety under Trog
  1507 | D:2      | Reached XP level 4. HP: 46/48 MP: 4/4
  2322 | D:3      | Reached XP level 5. HP: 37/54 MP: 5/5
  2468 | D:3      | Found a snail-covered altar of Cheibriados.
  2471 | D:3      | Found a deep blue altar of Sif Muna.
  2474 | D:3      | Found a shattered altar of Ashenzari.
  2543 | D:3      | Found an ancient bone altar of Kikubaaqudgha.
  2691 | D:4      | Noticed KarmaPolice's ghost (novice HaHu)
  2709 | D:4      | Killed KarmaPolice's ghost
  2709 | D:4      | Reached skill level 7 in Maces & Flails
  2709 | D:4      | Reached skill level 5 in Dodging
  2709 | D:4      | Reached XP level 6. HP: 29/62 MP: 6/6
  3065 | D:4      | Found a blossoming altar of Fedhas.
  3091 | D:4      | Reached *** piety under Trog
  3188 | D:4      | Found Gint's Jewellery Shop.
  3444 | D:5      | Entered Level 5 of the Dungeon
  3449 | D:5      | Noticed an orc warrior
  3450 | D:5      | Noticed Tux's ghost (novice DrWz)
  3474 | D:4      | Reached XP level 7. HP: 15/70 MP: 7/7
  3479 | D:4      | Mangled by an orc warrior

Vault maps used:
D:1:      dpeg_arrival_circle_labyrinth_c, solitary_fountain,
          minmay_shallow_snake_nest
D:2:      first_bread, kennysheep_generic_room_5
D:3:      kiku_gazebo_garden_becter, grunt_temple_overflow_diamond
D:4:      fedhas_altar_2, serial_shops, shop
D:5:      lemuel_doored_altar, serial_shops,
          nicolae_shop_temple_entry_statues_fountains,
          nicolae_shop_behind_doors, shop, shop, sword_in_stone

Skill      XL: |  1  2  3  4  5 |
---------------+----------------+-----
Maces & Flails | 5 7 |  7.5
Dodging        | 3 4 5 |  5.2
Fighting       | |  4.0
Evocations     | |  0.8

Action                   |  1- 3 |  4- 6 |  7- 9 || total
-------------------------+-------+-------+-------++-------
Melee: Mace              |   119 |   102 |       ||   221
       Flail             |       |    32 |     5 ||    37
Invok: Berserk           |       |     1 |       ||     1
       Trog's Hand       |       |     1 |       ||     1
Evoke: Wand              |       |     4 |       ||     4
  Use: Scroll            |       |     6 |       ||     6
       Potion            |       |     2 |       ||     2
 Stab: Sleeping          |     1 |       |       ||     1
  Eat: Chunk             |     2 |     6 |       ||     8
Armor: Animal skin       |    59 |    33 |       ||    92
Dodge: Dodged            |    62 |    91 |     5 ||   158
